3AA
SAN BERNARDINO GRASSHOPPERS @ BELVEDERE PARK RAWHIDES
09/16/2032
 
TOP OF THE 1ST
San Bernardino Grasshoppers batting - Pitching for Belvedere Park Rawhides : RHP Santiago Ramírez
Pitching: RHP Santiago Ramírez
Batting: RHB Reinaart Manshert 0-0: Ball
1-0: Ball
2-0: Foul Ball, location: 2F
2-1: Ball
3-1: Fly out, F7 (Flyball, 7LS)
Batting: LHB Matt Ouweneel 0-0: Ball
1-0: Called Strike
1-1: Fly out, F7 (Line Drive, 7S)
Batting: RHB Cisco Feijoo 0-0: Ball
1-0: SINGLE (Line Drive, 56D)
Batting: LHB Víctor Fortis 0-0: Ball
1-0: Foul Ball, location: 2F
1-1: Ball
2-1: Called Strike
2-2: Ball
3-2: Strikes out swinging
Top of the 1st over - 0 runs, 1 hit, 0 errors, 1 left on base; San Bernardino 0 - Belvedere Park 0
BOTTOM OF THE 1ST
Belvedere Park Rawhides batting - Pitching for San Bernardino Grasshoppers : RHP Bob Devlin
Pitching: RHP Bob Devlin
Batting: RHB Krystof Melichar 0-0: Called Strike
0-1: Called Strike
0-2: Foul Ball, location: 2F
0-2: Ball
1-2: SINGLE (Line Drive, 89S)
Batting: RHB Jesús Recesvinto 0-0: Ball
Krystof Melichar is caught stealing 2nd base
1-0: Fly out, F8 (Flyball, 89D)
Batting: LHB Owen Sharts 0-0: Ball
1-0: Called Strike
1-1: Swinging Strike
1-2: Fly out, F9 (Flyball, 9)
Bottom of the 1st over - 0 runs, 1 hit, 0 errors, 0 left on base; San Bernardino 0 - Belvedere Park 0
TOP OF THE 2ND
San Bernardino Grasshoppers batting - Pitching for Belvedere Park Rawhides : RHP Santiago Ramírez
Batting: RHB Jouo Hirschovits 0-0: Swinging Strike
0-1: Ball
1-1: Fly out, F7 (Flyball, 78D)
Batting: SHB Mario Domondón 0-0: Ball
1-0: Ball
2-0: Ball
3-0: Called Strike
3-1: DOUBLE (Flyball, 89D)
Batting: RHB Ronald Comejo 0-0: Called Strike
0-1: Ball
1-1: Foul Ball, location: 2F
1-2: Fly out, F9 (Flyball, 89M)
Batting: LHB Luis García 0-0: Called Strike
0-1: Ball
1-1: Called Strike
1-2: Ball
2-2: Ground out 3-1 (Groundball, 34S)
Top of the 2nd over - 0 runs, 1 hit, 0 errors, 1 left on base; San Bernardino 0 - Belvedere Park 0
BOTTOM OF THE 2ND
Belvedere Park Rawhides batting - Pitching for San Bernardino Grasshoppers : RHP Bob Devlin
Batting: LHB Mike Goff 0-0: Called Strike
0-1: Swinging Strike
0-2: Foul Ball, location: 2F
0-2: Foul Ball, location: 2F
0-2: Foul Ball, location: 2F
0-2: Ball
1-2: Ball
2-2: SINGLE (Line Drive, 4D)
Batting: RHB Bogumil Tiwontschik 0-0: Ball
1-0: Called Strike
1-1: Swinging Strike
1-2: Strikes out swinging
Batting: LHB Seung-soo Ch'ae 0-0: Called Strike
0-1: Swinging Strike
0-2: SINGLE (Line Drive, 8RS)
Mike Goff to second
Batting: LHB Dan O'Day 0-0: Foul Ball, location: 2F
0-1: Foul Ball, location: 2F
0-2: Ball
1-2: Fly out, F7 (Flyball, 7LS)
Batting: RHB Domingo Trujillo 0-0: Called Strike
0-1: Called Strike
0-2: Strikes out swinging
Bottom of the 2nd over - 0 runs, 2 hits, 0 errors, 2 left on base; San Bernardino 0 - Belvedere Park 0
TOP OF THE 3RD
San Bernardino Grasshoppers batting - Pitching for Belvedere Park Rawhides : RHP Santiago Ramírez
Batting: RHB Edgardo Bello 0-0: Foul Ball, location: 2F
0-1: Ball
1-1: Foul Ball, location: 2F
1-2: Foul Ball, location: 2F
1-2: Foul Ball, location: 2F
1-2: Foul Ball, location: 2F
1-2: Ball
2-2: DOUBLE (Line Drive, 7LD)
Batting: RHB Reinaart Manshert 0-0: Foul Ball, location: 2F
0-1: Foul Ball, location: 2F
0-2: Ground out 5-3 (Groundball, 5)
Batting: LHB Matt Ouweneel 0-0: Ball
1-0: Foul Ball, location: 2F
1-1: Ground out U3 (Groundball, 3L)
Edgardo Bello to third
Batting: RHB Cisco Feijoo 0-0: Called Strike
0-1: Hit by Pitch
Batting: LHB Víctor Fortis 0-0: Ball
1-0: Ball
2-0: SINGLE (Flyball, 89M)
Edgardo Bello scores
Cisco Feijoo to second
Runner from 2nd tries for 3rd, SAFE, no throw
Batting: RHB Jouo Hirschovits 0-0: Ball
1-0: Called Strike
1-1: Ball
2-1: Foul Ball, location: 2F
2-2: Ball
3-2: Base on Balls
Víctor Fortis to second
Batting: SHB Mario Domondón 0-0: Called Strike
0-1: Ball
1-1: Foul Ball, location: 2F
1-2: Strikes out looking
Top of the 3rd over - 1 run, 2 hits, 0 errors, 3 left on base; San Bernardino 1 - Belvedere Park 0
BOTTOM OF THE 3RD
Belvedere Park Rawhides batting - Pitching for San Bernardino Grasshoppers : RHP Bob Devlin
Batting: RHB Tony Calhoun 0-0: Ball
1-0: Called Strike
1-1: Fly out, F9 (Flyball, 89D)
Batting: RHB Krystof Melichar 0-0: SINGLE (Groundball, 6S) (infield hit)
Batting: RHB Jesús Recesvinto 0-0: Ball
1-0: Ball
2-0: Called Strike
2-1: Grounds into double play, 4-6-3 (Groundball, 4M)
Bottom of the 3rd over - 0 runs, 1 hit, 0 errors, 0 left on base; San Bernardino 1 - Belvedere Park 0
TOP OF THE 4TH
San Bernardino Grasshoppers batting - Pitching for Belvedere Park Rawhides : RHP Santiago Ramírez
Batting: RHB Ronald Comejo 0-0: Ball
1-0: Ball
2-0: SINGLE (Groundball, 34D)
Batting: LHB Luis García 0-0: Ball
1-0: Swinging Strike
1-1: Swinging Strike
1-2: Strikes out swinging
Batting: RHB Edgardo Bello 0-0: Called Strike
0-1: Ball
1-1: Ball
2-1: DOUBLE (Flyball, 78D)
Ronald Comejo to third
Batting: RHB Reinaart Manshert 0-0: TRIPLE (Flyball, 8RXD)
Ronald Comejo scores
Edgardo Bello scores
Batting: LHB Matt Ouweneel 0-0: Called Strike
0-1: Fly out, F9 (Flyball, 89M)
Runner from 3rd tags up, SCORES, throw made
Batting: RHB Cisco Feijoo 0-0: Foul Ball, location: 2F
0-1: Ground out 6-3 (Groundball, 6)
Top of the 4th over - 3 runs, 3 hits, 0 errors, 0 left on base; San Bernardino 4 - Belvedere Park 0
BOTTOM OF THE 4TH
Belvedere Park Rawhides batting - Pitching for San Bernardino Grasshoppers : RHP Dane Bramble
Pitching: RHP Dane Bramble
Batting: LHB Owen Sharts 0-0: Ball
1-0: Called Strike
1-1: Foul Ball, location: 2F
1-2: Strikes out swinging
Batting: LHB Mike Goff 0-0: Ball
1-0: Ball
2-0: Fly out, F7 (Flyball, 7)
Batting: RHB Bogumil Tiwontschik 0-0: Called Strike
0-1: Ball
1-1: Ground out 6-3 (Groundball, 6)
Bottom of the 4th over - 0 runs, 0 hits, 0 errors, 0 left on base; San Bernardino 4 - Belvedere Park 0
TOP OF THE 5TH
San Bernardino Grasshoppers batting - Pitching for Belvedere Park Rawhides : RHP Santiago Ramírez
Batting: LHB Víctor Fortis 0-0: Called Strike
0-1: Called Strike
0-2: Foul Ball, location: 2F
0-2: Ball
1-2: DOUBLE (Flyball, 89D)
Batting: RHB Jouo Hirschovits 0-0: Ground out 5-3 (Groundball, 5S)
Víctor Fortis to third
Batting: SHB Mario Domondón 0-0: Called Strike
0-1: Ball
1-1: Ground out 1-3 (Groundball, P)
Batting: RHB Ronald Comejo 0-0: Foul Ball, location: 2F
0-1: Ball
1-1: Fly out, F7 (Line Drive, 7)
Top of the 5th over - 0 runs, 1 hit, 0 errors, 1 left on base; San Bernardino 4 - Belvedere Park 0
BOTTOM OF THE 5TH
Belvedere Park Rawhides batting - Pitching for San Bernardino Grasshoppers : RHP Dane Bramble
Batting: LHB Seung-soo Ch'ae 0-0: Ball
1-0: Ground out U3 (Groundball, 3L)
Batting: LHB Dan O'Day 0-0: Foul Ball, location: 2F
0-1: Ball
1-1: Called Strike
1-2: Ball
2-2: Ball
3-2: Base on Balls
Batting: RHB Domingo Trujillo 0-0: Ball
1-0: Called Strike
1-1: Foul Ball, location: 2F
1-2: Fly out, F5 (Popup, 56)
Batting: RHB Tony Calhoun 0-0: Called Strike
0-1: Called Strike
0-2: Ball
1-2: Strikes out swinging
Bottom of the 5th over - 0 runs, 0 hits, 0 errors, 1 left on base; San Bernardino 4 - Belvedere Park 0
TOP OF THE 6TH
San Bernardino Grasshoppers batting - Pitching for Belvedere Park Rawhides : RHP Santiago Ramírez
Pitching: RHP António Andrade
Batting: LHB Luis García 0-0: Swinging Strike
0-1: Foul Ball, location: 2F
0-2: Ball
1-2: Strikes out swinging passed ball, reaches first!
Batting: RHB Edgardo Bello 0-0: Ball
1-0: Foul Ball, location: 2F
1-1: Swinging Strike
1-2: Ball
2-2: Grounds into double play, 6-4-3 (Groundball, 6)
Batting: RHB Reinaart Manshert 0-0: Ball
1-0: Called Strike
1-1: Ball
2-1: Foul Ball, location: 2F
2-2: Foul Ball, location: 2F
2-2: Fly out, F8 (Flyball, 8LS)
Top of the 6th over - 0 runs, 0 hits, 0 errors, 0 left on base; San Bernardino 4 - Belvedere Park 0
BOTTOM OF THE 6TH
Belvedere Park Rawhides batting - Pitching for San Bernardino Grasshoppers : RHP Dane Bramble
Batting: RHB Krystof Melichar 0-0: Ball
1-0: Ball
2-0: Called Strike
2-1: Called Strike
2-2: Strikes out looking
Batting: RHB Jesús Recesvinto 0-0: Called Strike
0-1: Ball
1-1: Fly out, F4 (Line Drive, 4)
Batting: LHB Owen Sharts 0-0: Called Strike
0-1: SINGLE (Line Drive, 6)
Batting: LHB Mike Goff 0-0: Ball
1-0: Ball
Wild Pitch!
Owen Sharts to second
2-0: Called Strike
2-1: Ball
3-1: Called Strike
3-2: SINGLE (Flyball, 78S)
Owen Sharts to third
Owen Sharts scores
Batting: RHB Bogumil Tiwontschik 0-0: Called Strike
0-1: Swinging Strike
0-2: Ball
1-2: Foul Ball, location: 2F
1-2: Foul Ball, location: 2F
1-2: SINGLE (Line Drive, 6M)
Mike Goff to second
Batting: LHB Seung-soo Ch'ae 0-0: Called Strike
0-1: Ball
1-1: Foul Ball, location: 2F
1-2: Strikes out swinging
Bottom of the 6th over - 1 run, 3 hits, 0 errors, 2 left on base; San Bernardino 4 - Belvedere Park 1
TOP OF THE 7TH
San Bernardino Grasshoppers batting - Pitching for Belvedere Park Rawhides : RHP António Andrade
Batting: LHB Matt Ouweneel 0-0: Ball
1-0: Called Strike
1-1: Ground out U3 (Groundball, 3)
Batting: RHB Cisco Feijoo 0-0: Called Strike
0-1: Ball
1-1: Foul Ball, location: 2F
1-2: Ball
2-2: Strikes out swinging
Batting: LHB Víctor Fortis 0-0: Ball
1-0: Ball
2-0: Ball
3-0: Base on Balls
Batting: RHB Jouo Hirschovits 0-0: Ball
1-0: Foul Ball, location: 2F
1-1: Called Strike
1-2: Ground out 4-3 (Groundball, 4)
Top of the 7th over - 0 runs, 0 hits, 0 errors, 1 left on base; San Bernardino 4 - Belvedere Park 1
BOTTOM OF THE 7TH
Belvedere Park Rawhides batting - Pitching for San Bernardino Grasshoppers : RHP Dane Bramble
Batting: LHB Dan O'Day 0-0: Ball
1-0: Ball
2-0: Ball
3-0: Base on Balls
Batting: RHB Domingo Trujillo 0-0: Ball
1-0: Called Strike
1-1: Fly out, F8 (Flyball, 8LD)
Batting: RHB Tony Calhoun 0-0: Called Strike
0-1: Ball
1-1: Fielders Choice at 2nd, 1-6 (Groundball, 13S)
Batting: RHB Krystof Melichar 0-0: Called Strike
0-1: Fielders Choice at 2nd, 5-4 (Groundball, 56)
Bottom of the 7th over - 0 runs, 0 hits, 0 errors, 1 left on base; San Bernardino 4 - Belvedere Park 1
TOP OF THE 8TH
San Bernardino Grasshoppers batting - Pitching for Belvedere Park Rawhides : RHP António Andrade
Batting: SHB Mario Domondón 0-0: Called Strike
0-1: Ball
1-1: Fly out, F8 (Flyball, 8RD)
Batting: RHB Ronald Comejo 0-0: Ball
1-0: Called Strike
1-1: Ball
2-1: Ball
3-1: Swinging Strike
3-2: Base on Balls
Batting: LHB Luis García 0-0: Ball
1-0: Called Strike
1-1: SINGLE (Groundball, 15S) (infield hit)
Ronald Comejo to second
Batting: RHB Edgardo Bello 0-0: Called Strike
0-1: Swinging Strike
0-2: Ball
1-2: Ball
2-2: Foul Ball, location: 2F
2-2: Foul Ball, location: 2F
2-2: Strikes out looking
Batting: RHB Reinaart Manshert 0-0: Ground out 6-3 (Groundball, 6MS)
Top of the 8th over - 0 runs, 1 hit, 0 errors, 2 left on base; San Bernardino 4 - Belvedere Park 1
BOTTOM OF THE 8TH
Belvedere Park Rawhides batting - Pitching for San Bernardino Grasshoppers : RHP Dane Bramble
Batting: RHB Jesús Recesvinto 0-0: Foul Ball, location: 2F
0-1: Foul Ball, location: 2F
0-2: Strikes out swinging, 2-3 out at first.
Batting: LHB Owen Sharts 0-0: Fly out, F9 (Flyball, 9LMF)
Batting: LHB Mike Goff 0-0: Ball
1-0: Ball
2-0: Ball
3-0: Called Strike
3-1: Foul Ball, location: 2F
3-2: Foul Ball, location: 2F
3-2: Base on Balls
Batting: RHB Bogumil Tiwontschik 0-0: Swinging Strike
0-1: Foul Ball, location: 2F
0-2: Ball
1-2: 2-RUN HOME RUN (Flyball, 7LD), Distance : 369 ft
Pitching: RHP Pedro Huerta
Batting: LHB Seung-soo Ch'ae 0-0: Ball
1-0: SINGLE (Groundball, 4MD)
Batting: LHB Dan O'Day 0-0: Ball
1-0: Called Strike
1-1: Ball
2-1: Ball
Seung-soo Ch'ae steals 2nd base
3-1: 2-RUN HOME RUN (Flyball, 89XD), Distance : 426 ft
Pitching: RHP Jaime Puga
Batting: RHB Domingo Trujillo 0-0: Called Strike
0-1: Called Strike
0-2: Ball
1-2: Foul Ball, location: 2F
1-2: Ball
2-2: Foul Ball, location: 2F
2-2: Ground out 5-3 (Groundball, 56)
Bottom of the 8th over - 4 runs, 3 hits, 0 errors, 0 left on base; San Bernardino 4 - Belvedere Park 5
TOP OF THE 9TH
San Bernardino Grasshoppers batting - Pitching for Belvedere Park Rawhides : RHP António Andrade
Pitching: RHP Christiaan Volkers
Now at C: José Pérez
Batting: LHB Matt Ouweneel 0-0: Ball
1-0: Ball
2-0: Called Strike
2-1: Ball
3-1: Base on Balls
Batting: RHB Cisco Feijoo 0-0: Swinging Strike
0-1: Swinging Strike
0-2: Ball
1-2: Ball
2-2: Ball
3-2: Strikes out looking
Batting: LHB Víctor Fortis 0-0: Foul Ball, location: 2F
0-1: Ball
1-1: Called Strike
1-2: Ball
2-2: Foul Ball, location: 2F
2-2: Foul Ball, location: 2F
2-2: Ball
3-2: Base on Balls
Matt Ouweneel to second
Batting: RHB Jouo Hirschovits 0-0: Ball
1-0: SINGLE (Groundball, 6MD)
Matt Ouweneel to third
Víctor Fortis to second
Runner from 3rd tries for Home, throw and OUT!
Batting: SHB Mario Domondón 0-0: Ball
1-0: Called Strike
1-1: Ball
2-1: Foul Ball, location: 2F
2-2: Foul Ball, location: 2F
2-2: Strikes out swinging
Top of the 9th over - 0 runs, 1 hit, 0 errors, 2 left on base; San Bernardino 4 - Belvedere Park 5
Wednesday, September 19th, 2018 - OOTP Baseball 18.8 Build 76